 Dungeon Crawl Stone Soup version 0.20.1-1-g8b1a95d (webtiles) character file.

2172 vatarom the Archer (level 9, 0/78 HPs)
             Began as a Centaur Hunter on Sept 13, 2017.
             Was an Initiate of Okawaru.
             Slain by an orc warrior
             ... wielding a +0 mace
              (13 damage)
             ... on level 6 of the Dungeon.
             The game lasted 00:15:52 (7222 turns).

vatarom the Archer (Centaur Hunter)                 Turns: 7222, Time: 00:15:54

Health: 0/78       AC:  6    Str: 20    XL:     9   Next: 11%
Magic:  18/18      EV: 11    Int: 10    God:    Okawaru [......]
Gold:   255        SH:  0    Dex: 13    Spells: 8/8 levels left

rFire    . . .     SeeInvis .   b - +3 hand axe
rCold    . . .     Gourm    .   (no shield)
rNeg     . . .     Faith    .   c - +1 leather armour
rPois    .         Spirit   .   (no helmet)
rElec    .         Reflect  .   s - +0 cloak
rCorr    .         Harm     .   (no gloves)
MR       .....                  (no barding)
Stlth    +.........             (no amulet)
Regen    0.3/turn               o - ring of magical power
MPRegen  0.2/turn               u - ring of flight

@: mighty, very quick
A: hooves 3, deformed body, speed 2, tough skin 3
a: Renounce Religion, Evoke Flight


You were on level 6 of the Dungeon.
You worshipped Okawaru.
Okawaru was noncommittal.
You were not hungry.

You visited 2 branches of the dungeon, and saw 8 of its levels.

You collected 255 gold pieces.

Inventory:

Hand Weapons
 a - a +1 shortbow
 b - a +3 hand axe (weapon)
Missiles
 d - 54 arrows
Armour
 c - a +1 leather armour (worn)
 s - a +0 cloak (worn)
Jewellery
 o - a ring of magical power (left hand)
 u - a ring of flight (right hand)
Wands
 g - a wand of disintegration (9/24)
 n - a wand of paralysis (24/24)
 y - a wand of lightning (7/15)
Scrolls
 e - 2 scrolls of recharging
 i - a scroll of teleportation
 m - a scroll of identify
 q - 3 scrolls of blinking
 w - a scroll of fog
Potions
 j - 3 potions of might
 p - a potion of curing
 t - a potion of flight {unknown}
 v - a potion of agility {unknown}
 z - a potion of degeneration {unknown}
Comestibles
 f - 5 bread rations
 h - 4 royal jellies
 k - 4 fruits
 l - 3 meat rations


   Skills:
 + Level 6.6 Fighting
 * Level 11.9 Bows
 + Level 4.5 Dodging
 - Level 0.4 Stealth


You had 8 spell levels left.
You didn't know any spells.

Dungeon Overview and Level Annotations

Branches:
Dungeon (7/15)             Temple (1/1) D:6

Altars:
Ashenzari
Cheibriados
Dithmenos
Elyvilon
Fedhas
Gozag
Hepliaklqana
Kikubaaqudgha
Makhleb
Nemelex Xobeh
Okawaru
Qazlal
Ru
Sif Muna
Trog
Uskayaw
Vehumet
Xom
Yredelemnul
Zin
The Shining One

Annotations:
D:5 1 runed door


Innate Abilities, Weirdness & Mutations

You have hooves in place of feet.
Armour fits poorly on your strangely shaped body.
You cover ground very quickly.
You have extremely tough skin. (AC +3)


Message History

It was a potion of might.
You feel very mighty all of a sudden. The orc warrior barely misses you.
Okay, then.
b - a +3 hand axe (weapon)
You hit the centaur.
The centaur is severely wounded.
You hit the orc warrior.
The centaur unwields an uncursed shortbow.
The centaur hits you!
* * * LOW HITPOINT WARNING * * *
The centaur hits you but does no damage.
The orc warrior hits you with a mace.
* * * LOW HITPOINT WARNING * * *
The centaur barely misses you.
You slash the centaur!
You kill the centaur!
Okawaru accepts your kill. The orc warrior hits you with a mace!
You die...

........###..# #.# #.......##
######.......# #.# ####.####
#.......# #.# ##...## #.#..§..#
#.# #.....## ##'#..§..# #.#
#......# ##....§...# ##.##
#......# ##.........# ###.#.##
##...#.# ##[.(....######..###.#
#####.##
##.......)(####.@..#.########...#
((...(((...(..(.o................
##.........####......####.#......
##.......## ##.#...# #.#.##.##
##.....## ###...# #.#.##.##
##...## ##.## #.#.#..## ##+## #.#
#.#.#.### #.# #.#.#. # #.# #....
.


You could see an orc warrior.

Vanquished Creatures
  The ghost of Feta the Shield-Bearer, an amateur FoFi (D:6)
  A soldier ant (D:5)
  An orc warrior (D:6)
  2 sky beasts
  The ghost of Biabri the Slasher, an amateur MiCK of Xom (D:4)
  4 ogres
  2 centaurs
  A bullfrog (D:6)
  2 scorpions
  A howler monkey (D:5)
  A crimson imp (D:5)
  A centaur zombie (D:6)
  3 hounds
  An orc priest (D:4)
  A jelly (D:5)
  5 orc wizards
  Ijyb (D:4)
  2 iguanas
  10 worker ants
  5 adders
  An ooze (D:1)
  2 adder skeletons (D:4)
  3 worms (D:2)
  4 dart slugs
  5 leopard geckos
  18 orcs
  3 ball pythons
  6 giant cockroaches
  13 goblins
  11 hobgoblins
  5 jackals
  5 kobolds
  3 quokkas
  8 bats
  7 frilled lizards
  A leopard gecko zombie (D:5)
  A quokka skeleton (D:4)
  11 rats
153 creatures vanquished.

Notes
Turn   | Place    | Note
-------+----------+-------------------------------------------
     0 | D:1      | vatarom the Centaur Hunter began the quest for the Orb.
     0 | D:1      | Reached XP level 1. HP: 17/17 MP: 1/1
   172 | D:1      | Reached XP level 2. HP: 25/25 MP: 2/2
   692 | D:1      | Reached XP level 3. HP: 27/30 MP: 3/3
  1124 | D:2      | Reached skill level 6 in Bows
  1201 | D:2      | Found a hide-covered altar of Uskayaw.
  1326 | D:2      | Reached XP level 4. HP: 31/38 MP: 4/4
  1568 | D:2      | Found a glowing golden altar of the Shining One.
  1999 | D:3      | Noticed an ogre
  2010 | D:3      | Found an ancient bone altar of Kikubaaqudgha.
  2174 | D:3      | Found a hazy altar of Hepliaklqana.
  2484 | D:3      | Killed an ogre
  2484 | D:3      | Reached skill level 7 in Bows
  2484 | D:3      | Reached XP level 5. HP: 40/46 MP: 5/5
  3023 | D:4      | Noticed Biabri's ghost (amateur MiCK)
  3100 | D:4      | Noticed an ogre
  3145 | D:3      | Killed an ogre
  3145 | D:3      | Reached XP level 6. HP: 35/53 MP: 6/6
  3415 | D:4      | Killed Biabri's ghost
  3415 | D:4      | Reached skill level 8 in Bows
  3585 | D:4      | Found a shimmering altar of Xom.
  3585 | D:4      | Found a shimmering altar of Xom.
  3585 | D:4      | Found a shimmering altar of Xom.
  3585 | D:4      | Found a shimmering altar of Xom.
  3587 | D:4      | Found a shimmering altar of Xom.
  3587 | D:4      | Found a shimmering altar of Xom.
  3598 | D:4      | You fall through a shaft!
  3598 | D:5      | Entered Level 5 of the Dungeon
  3603 | D:5      | Found a basalt altar of Yredelemnul.
  3666 | D:5      | Reached XP level 7. HP: 60/60 MP: 7/7
  3783 | D:4      | Noticed Ijyb
  3787 | D:4      | Killed Ijyb
  3854 | D:4      | Reached skill level 5 in Fighting
  3891 | D:4      | Reached skill level 9 in Bows
  4382 | D:5      | Found a sacrificial altar of Ru.
  4749 | D:5      | Reached XP level 8. HP: 54/69 MP: 8/8
  4868 | D:5      | Found a runed door.
  4896 | D:5      | Found a runed door.
  4946 | D:5      | Reached skill level 10 in Bows
  5751 | D:5      | Reached skill level 11 in Bows
  6013 | D:6      | Noticed Feta's ghost (amateur FoFi)
  6072 | D:6      | Killed Feta's ghost
  6363 | D:6      | You fall through a shaft!
  6619 | D:6      | Reached XP level 9. HP: 78/78 MP: 9/9
  6754 | D:6      | Found a glowing drain.
  6837 | D:6      | Found a staircase to the Ecumenical Temple.
  6870 | Temple   | Entered the Ecumenical Temple
  7143 | Temple   | Became a worshipper of Warmaster Okawaru
  7200 | D:6      | HP: 2/78 [centaur/arrow (13)]
  7222 | D:6      | Slain by an orc warrior

Skill      XL: |  1  2  3  4  5  6  7  8 |
---------------+-------------------------+-----
Fighting       | 3 4 5 6 |  6.6
Bows           | 6 7 8 9 11 | 11.9
Dodging        | 2 3 4 |  4.5
Stealth        | |  0.4

Action                   |  1- 3 |  4- 6 |  7- 9 || total
-------------------------+-------+-------+-------++-------
Melee: Short sword       |    29 |    56 |       ||    85
       Kick              |     5 |     7 |    14 ||    26
       Hand axe          |       |       |    60 ||    60
 Fire: Shortbow          |   113 |   145 |   282 ||   540
  Use: Scroll            |     3 |     1 |     8 ||    12
       Potion            |     2 |     4 |     4 ||    10
  Eat: Chunk             |       |     1 |     7 ||     8
       Bread ration      |       |     1 |     1 ||     2
Armor: Leather armour    |    16 |    33 |    32 ||    81
       Skin              |       |       |     3 ||     3
Dodge: Dodged            |    18 |    38 |    83 ||   139
